 Dungeon Crawl Stone Soup version 0.31-a0-164-g2312942fda (webtiles) character file.

Game seed: 8634658951458777630

113825 qw the Severer (level 16, -11/104 HPs)
             Began as a Gargoyle Fighter on June 13, 2023.
             Was a High Priest of Okawaru.
             Killed from afar by an eleionoma (15 damage)
             ... with a spray of wooden splinters
             ... on level 1 of the Swamp.
             The game lasted 00:13:45 (23151 turns).

qw the Severer (Gargoyle Fighter)                  Turns: 23151, Time: 00:13:45

Health: -11/104    AC: 39    Str: 29    XL:     16   Next: 64%
Magic:  23/23      EV: 21    Int: 10    God:    Okawaru [*****.]
Gold:   406        SH: 14    Dex: 11    Spells: 15/15 levels left

rFire   + . .        j - +0 war axe (flame)
rCold   + . .        E - +0 kite shield
rNeg    + . .        o - +2 chain mail {rC+}
rPois   inf          y - +1 helmet
rElec   +            a - +1 cloak of Starlight {*Dazzle EV+4 Stlth--}
rCorr   .            t - +2 pair of gloves
SInv    .            w - +0 pair of boots
Will    +....        C - amulet of faith Stlth
                     z - ring "Ticwur" {rF+ Str+2 Slay+3 Stlth-}
HPRegen 0.37/turn    v - +5 ring of evasion
MPRegen 0.18/turn

%: clarity, faith
@: heroic, flying
A: sickness immunity, AC +12, big wings, negative energy resistance 1,
electricity resistance, torment resistance 1, petrification resistance, thin
skeletal structure 1, clarity
a: Renounce Religion, Heroism, Finesse, Duel


You were on level 1 of the Swamp.
You worshipped Okawaru.
Okawaru was extremely pleased with you.
You visited 5 branches of the dungeon, and saw 24 of its levels.

You collected 2612 gold pieces.
You spent 2206 gold pieces at shops.


Innate Abilities, Weirdness & Mutations

You are immune to sickness and miasma.
Your stone body is resilient. (AC +12)
You are immune to poison.
Your large and strong wings let you fly.
You resist negative energy. (rN+)
You are resistant to electric shocks. (rElec)
You are resistant to unholy torment.
You are immune to petrification.
You have a somewhat thin skeletal structure. (Dex +2, Stealth+)
You possess an exceptional clarity of mind.


   Skills:
 - Level 13.0(18.0) Fighting
 - Level 17.2(22.2) Axes
 - Level 6.5(11.5) Throwing
 - Level 12.8(17.8) Armour
 - Level 4.0(9.0) Dodging
 + Level 13.0(18.0) Shields
 - Level 10.0 Invocations


You had 15 spell levels left.
You didn't know any spells.
Your spell library was empty.

Inventory:

Hand Weapons
 j - a +0 war axe of flaming (weapon)
 k - a +4 vampiric broad axe
Missiles
 c - 4 boomerangs (quivered)
Armour
 a - the +1 cloak of Starlight (worn) {*Dazzle EV+4 Stlth--}
   (You acquired it on level 1 of the Dungeon)

   *Dazzle:   It may blind those who miss an attack against the wearer in melee
   combat.
   EV:        It affects your evasion (+4).
   Stlth:     It makes you much less stealthy.
 f - a +0 plate armour
 n - +0 acid dragon scales
 o - a +2 chain mail of cold resistance (worn)
 t - a +2 pair of gloves (worn)
 w - a +0 pair of boots (worn)
 y - a +1 helmet (worn)
 E - a +0 kite shield (worn)
Jewellery
 b - an amulet of reflection
 u - a ring of protection from fire
 v - a +5 ring of evasion (right hand)
 z - the ring "Ticwur" (left hand) {rF+ Str+2 Slay+3 Stlth-}
   (You bought it in a shop on level 2 of the Orcish Mines)

   [ring of protection from fire]

   Str:       It affects your strength (+2).
   Slay:      It affects your accuracy & damage with ranged weapons and melee
   (+3).
   rF:        It protects you from fire.
   Stlth:     It makes you less stealthy.
 C - an amulet of faith (around neck)
 D - the ring "Piesch" {rElec rPois rC+ Stlth+}
   (You found it on level 12 of the Dungeon)

   [ring of poison resistance]

   rC:        It protects you from cold.
   rElec:     It insulates you from electricity.
   rPois:     It protects you from poison.
   Stlth:     It makes you more stealthy.
Wands
 x - a wand of digging (5)
Scrolls
 p - 15 scrolls of identify
Potions
 d - 3 potions of might
 e - 2 potions of haste
 g - 2 potions of resistance
 h - 3 potions of lignification
 i - 3 potions of attraction
 l - 2 potions of mutation
 m - 8 potions of curing
 s - 4 potions of magic

Dungeon Overview and Level Annotations

Branches:
Dungeon (15/15)            Temple (1/1) D:7            Lair (5/5) D:8
  Swamp (1/4) Lair:2        Snake (0/4) Lair:3        Slime (0/5) Lair:5
    Orc (2/2) D:9             Elf (0/3) Orc:2        Vaults (0/5) D:14
 Depths (0/4) D:15

Altars:
Ashenzari
Cheibriados
Dithmenos
Elyvilon
Fedhas
Gozag
Hepliaklqana
Kikubaaqudgha
Makhleb
Nemelex Xobeh
Okawaru
Qazlal
Ru
Sif Muna
Trog
Uskayaw
Vehumet
Wu Jian
Xom
Yredelemnul
Zin
The Shining One

Shops:
D:4 (   D:8 :**?(   D:9 ([!   D:13 *   Orc:2 =([?

Annotations:
D:8 exclusion: 4 trolls
D:11 2 transporters, qw's ghost, journeyman GrHu


Message History

You block the goliath frog's attack.
23148 ||| SWAPPING to +0 war axe of flaming.
You feel the dreadful sensation subside.
Your +0 war axe of flaming bursts into flame!
j - a +0 war axe of flaming (weapon)
The eleionoma hurls a spray of splinters at you.
The spray of wooden splinters misses you.
You block the goliath frog's attack.
You slice the eleionoma!! You burn the eleionoma.
The eleionoma is severely wounded.
You hack one of the seven-headed hydra's heads off!
The flame cauterises the wound!
You slash the six-headed hydra! You burn the six-headed hydra.
You block the six-headed hydra's attack.
The six-headed hydra barely misses you. The six-headed hydra bites you!
The six-headed hydra completely misses you.
The six-headed hydra bites you but does no damage.
The six-headed hydra barely misses you.
The eleionoma hits you but does no damage.
A tyrant leech comes into view.
The goliath frog barely misses you.
You slash the eleionoma! You burn the eleionoma.
The eleionoma is severely wounded.
You lop one of the six-headed hydra's heads off!
The flame cauterises the wound!
You slice the five-headed hydra!! You burn the five-headed hydra.
The five-headed hydra bites you but does no damage.
The five-headed hydra completely misses you.
The five-headed hydra closely misses you.
You block the five-headed hydra's attack.
The five-headed hydra barely misses you.
You slash the eleionoma! You burn the eleionoma.
The eleionoma is almost dead.
You slice one of the five-headed hydra's heads off!
The flame cauterises the wound!
You hit the four-headed hydra. You burn the four-headed hydra.
You block the goliath frog's attack.
The eleionoma hurls a spray of splinters at you.
The spray of wooden splinters hits you!
You die... 7 77..~777 77777

~ ..7.¤~..~77 7~.~7777
~.....~~~...7 7~~>..~7
~.~....~~~~.77 .~~..~. ~~..
7......~7 777777~.~...
~...~777...¤77 77...77.~~~..
7.~~~..%.....7 7.~~.~¤..~~.~
..~~~~~(.%...7 77~R~~...<....
~~~~~~~¤)~FD@777~.~~..~%.%...
~~~~~~~~~..~.R.....~~.¤~~%~~.
~~~~.~~~).~~.....7.~~~~~.¤~~.
.~~.~¤~~.7.~.~77..7777~~~..77
.....77.~77~7777..7 7.~~~.7
.~~~.


7777777 ..~.7 7.~~~.7 .~~~~ 7~~@.. ~.~~~.7 .^(~~...~[...7~. .~~?..7.~~ You could
see an eleionoma, a four-headed hydra and a goliath frog.

Vanquished Creatures
  Nikola (Swamp:1)
  Jorgrun (Swamp:1)
  Kirke (Swamp:1)
  Gastronok (Lair:2)
  An ettin (D:15)
  Snorg (D:12)
  Josephine (D:11)
  2 vault guards (D:14)
  8 hydras
  A catoblepas (Lair:4)
  An ogre mage (D:15)
  4 centaur warriors
  15 two-headed ogres
  An alligator (Swamp:1)
  5 boulder beetles
  6 death yaks (Lair:5)
  5 orc high priests (Orc:2)
  Sonja (Orc:1)
  Lodul (D:10)
  3 soul eaters (D:13)
  3 skysharks
  2 deep trolls (D:15)
  4 skeletal warriors
  A bog body (Lair:2)
  A wizard (D:14)
  A lindwurm (Lair:4)
  A necromancer (D:15)
  7 ugly things
  An orc sorcerer (D:15)
  7 cyclopes
  A deep elf pyromancer (D:13)
  7 orc knights (Orc:2)
  3 manticores
  Joseph (D:10)
  12 elephants
  22 cane toads
  3 black mambas
  6 orange demons (D:13)
  An unseen horror (D:11)
  3 rime drakes
  2 gargoyles (D:10)
  A freezing wraith (D:15)
  13 komodo dragons
  An ice devil (D:13)
  3 red devils (D:13)
  A tengu conjurer (D:15)
  9 trolls
  A polar bear (Lair:3)
  5 tyrant leeches
  19 blink frogs
  A meliai zombie (D:15)
  20 slime creatures
  A centaur simulacrum (D:15)
  2 shadows
  2 vampires (D:11)
  6 wraiths
  2 ynoxinuls (D:13)
  6 basilisks
  9 humans (D:14)
  5 wyverns
  32 yaks
  4 hogs (Swamp:1)
  A chaos spawn (D:13)
  2 wargs (Orc:2)
  10 vampire mosquitoes
  2 swamp worms (Swamp:1)
  3 acid dragons
  15 water moccasins
  30 orc warriors
  A sky beast (D:5)
  A black bear (Lair:1)
  2 ice beasts (D:7)
  22 wolves
  13 ogres
  18 centaurs
  5 phantoms
  24 bullfrogs
  3 scorpions
  2 gnoll sergeants
  5 wights
  14 killer bees
  5 howler monkeys
  2 electric eels
  14 jellies
  2 gnoll boudas
  28 orc priests
  2 hounds
  22 orc wizards
  3 iguanas
  A boggart zombie (D:15)
  6 hell rats (Lair:4)
  9 gnolls
  13 adders
  A shadow imp (D:8)
  4 white imps
  8 worms
  A dart slug (D:5)
  69 orcs
  5 bats
  6 endoplasms
  A giant cockroach (D:4)
  7 goblins
  9 hobgoblins
  6 jackals (D:1)
  2 quokkas
  11 ball pythons
  3 frilled lizards
  4 kobolds
  11 rats
720 creatures vanquished.

Vanquished Creatures (others)
  A hydra (Swamp:1)
  A goliath frog (Swamp:1)
  A human (D:14)
3 creatures vanquished.

Grand Total: 723 creatures vanquished

Notes
Turn   | Place    | Note
-------+----------+-------------------------------------------
     0 | D:1      | qw the Gargoyle Fighter began the quest for the Orb.
     0 | D:1      | Reached XP level 1. HP: 14/14 MP: 1/1
     0 | D:1      | 0 ||| qw: Version: 0.2-a-29-gc1b59c4
     0 | D:1      | 0 ||| qw: Game counter: 4615
     0 | D:1      | 0 ||| qw: Always use a shield: true
     0 | D:1      | 0 ||| qw: God list: Okawaru
     0 | D:1      | 0 ||| qw: Allow faded altars: false
     0 | D:1      | 0 ||| qw: Do Orc after D:15 true
     0 | D:1      | 0 ||| qw: Do second Lair branch before Depths: true
     0 | D:1      | 0 ||| qw: Lair rune preference: random
     0 | D:1      | 0 ||| qw: Plans: Normal, Zot:1-4, Slime:5, God:TSO, Crypt,
                  | Tomb, Abyss, Pan, Hells, Win
     0 | D:1      | 0 ||| PLANNING D:1-11
    47 | D:1      | Reached skill level 2 in Axes
    87 | D:1      | Reached XP level 2. HP: 17/19 MP: 2/2
   481 | D:1      | Reached skill level 3 in Axes
   546 | D:1      | 546 ||| Stepping ~*~*~tactically~*~*~ (stealth).
   556 | D:1      | Reached XP level 3. HP: 19/23 MP: 3/3
   608 | D:1      | 608 ||| READING scroll labelled CIASSU ULIA.
   609 | D:1      | 609 ||| READING scroll labelled JUIRGHU ZOMMURR.
   610 | D:1      | 610 ||| READING scroll labelled IXAOGU TILEG.
   611 | D:1      | 611 ||| READING scroll labelled ISADISSANA.
   611 | D:1      | Identified a scroll of acquirement
   611 | D:1      | 611 ||| ACQUIRING +1 cloak of Starlight {*Dazzle EV+4
                  | Stlth--}
   611 | D:1      | Acquired the +1 cloak of Starlight {*Dazzle EV+4 Stlth--}
   611 | D:1      | Found the +1 cloak of Starlight {*Dazzle EV+4 Stlth--}
   613 | D:1      | 613 ||| UPGRADING to +1 cloak of Starlight {*Dazzle EV+4
                  | Stlth--}.
   618 | D:1      | 618 ||| READING scroll labelled LEIGIC AH HUDD.
   683 | D:2      | 683 ||| Stepping ~*~*~tactically~*~*~ (stealth).
   852 | D:2      | 852 ||| Stepping ~*~*~tactically~*~*~ (stealth).
   858 | D:2      | 858 ||| Stepping ~*~*~tactically~*~*~ (stealth).
   859 | D:2      | 859 ||| Stepping ~*~*~tactically~*~*~ (stealth).
   861 | D:2      | 861 ||| Stepping ~*~*~tactically~*~*~ (stealth).
   865 | D:2      | 865 ||| Stepping ~*~*~tactically~*~*~ (stealth).
   867 | D:2      | 867 ||| Stepping ~*~*~tactically~*~*~ (stealth).
   868 | D:2      | 868 ||| Stepping ~*~*~tactically~*~*~ (stealth).
   869 | D:2      | 869 ||| Stepping ~*~*~tactically~*~*~ (stealth).
   876 | D:2      | Reached XP level 4. HP: 28/28 MP: 4/4
   876 | D:2      | 876 ||| Stepping ~*~*~tactically~*~*~ (stealth).
   938 | D:2      | Reached skill level 4 in Axes
  1016 | D:2      | 1016 ||| Stepping ~*~*~tactically~*~*~ (hiding).
  1229 | D:2      | 1229 ||| Stepping ~*~*~tactically~*~*~ (stealth).
  1239 | D:2      | 1239 ||| READING scroll of enchant weapon.
  1239 | D:2      | 1239 ||| ENCHANTING +1 heavy war axe.
  1328 | D:2      | 1328 ||| READING scroll labelled HUALYN MORAKO.
  1350 | D:3      | 1350 ||| Stepping ~*~*~tactically~*~*~ (hiding).
  1351 | D:3      | 1351 ||| Stepping ~*~*~tactically~*~*~ (hiding).
  1352 | D:3      | 1352 ||| Stepping ~*~*~tactically~*~*~ (hiding).
  1357 | D:3      | 1357 ||| STAIRDANCE
  1430 | D:3      | 1430 ||| STAIRDANCE
  1434 | D:2      | Reached XP level 5. HP: 25/32 MP: 5/5
  1511 | D:3      | Noticed an ogre
  1512 | D:3      | 1512 ||| Stepping ~*~*~tactically~*~*~ (stealth).
  1521 | D:3      | Killed an ogre
  1522 | D:3      | Reached skill level 5 in Axes
  1522 | D:3      | Reached XP level 6. HP: 13/37 MP: 6/6
  1951 | D:3      | 1951 ||| DROPPING +0 whip.
  2215 | D:3      | 2215 ||| DRINKING 2 white potions.
  2256 | D:4      | 2256 ||| PLANNING SEWER
  2275 | D:4      | 2275 ||| Stepping ~*~*~tactically~*~*~ (hiding).
  2291 | D:4      | Reached skill level 1 in Throwing
  2337 | D:4      | 2337 ||| Stepping ~*~*~tactically~*~*~ (stealth).
  2347 | D:4      | 2347 ||| Stepping ~*~*~tactically~*~*~ (stealth).
  2348 | D:4      | 2348 ||| Stepping ~*~*~tactically~*~*~ (stealth).
  2355 | D:4      | 2355 ||| Stepping ~*~*~tactically~*~*~ (stealth).
  2356 | D:4      | 2356 ||| Stepping ~*~*~tactically~*~*~ (stealth).
  2357 | D:4      | 2357 ||| Stepping ~*~*~tactically~*~*~ (stealth).
  2358 | D:4      | 2358 ||| Stepping ~*~*~tactically~*~*~ (stealth).
  2359 | D:4      | 2359 ||| Stepping ~*~*~tactically~*~*~ (stealth).
  2360 | D:4      | 2360 ||| Stepping ~*~*~tactically~*~*~ (stealth).
  2392 | D:4      | 2392 ||| Stepping ~*~*~tactically~*~*~ (stealth).
  2393 | D:4      | 2393 ||| Stepping ~*~*~tactically~*~*~ (stealth).
  2395 | D:4      | 2395 ||| Stepping ~*~*~tactically~*~*~ (stealth).
  2418 | D:4      | 2418 ||| Stepping ~*~*~tactically~*~*~ (water).
  2424 | D:4      | 2424 ||| Stepping ~*~*~tactically~*~*~ (stealth).
  2429 | D:4      | Reached XP level 7. HP: 44/44 MP: 7/7
  2470 | D:4      | Found Quheocro's Weapon Shop.
  2492 | D:4      | 2492 ||| BUYING +0 war axe of flaming (99 gold).
  2492 | D:4      | Bought a +0 war axe of flaming for 99 gold pieces
  2492 | D:4      | 2492 ||| DROPPING +0 mace.
  2539 | D:4      | 2539 ||| Stepping ~*~*~tactically~*~*~ (hiding).
  2544 | D:4      | 2544 ||| Stepping ~*~*~tactically~*~*~ (hiding).
  2568 | D:4      | Reached skill level 1 in Dodging
  2634 | D:4      | Reached skill level 6 in Axes
  2888 | D:4      | 2888 ||| RIP SEWER
  2889 | D:4      | 2889 ||| PLANNING D:1-11
  3035 | D:4      | Reached skill level 7 in Axes
  3249 | D:4      | 3249 ||| UPGRADING to ring of see invisible.
  3250 | D:4      | 3250 ||| READING 3 scrolls labelled PEOMEI PUMUTWA.
  3251 | D:4      | 3251 ||| DROPPING 2 scrolls of fear.
  3290 | D:5      | Entered Level 5 of the Dungeon
  3291 | D:5      | 3291 ||| Stepping ~*~*~tactically~*~*~ (hiding).
  3364 | D:5      | Reached XP level 8. HP: 45/49 MP: 8/8
  3417 | D:5      | 3417 ||| SWAPPING to +0 broad axe.
  3418 | D:5      | 3418 ||| DROPPING +2 heavy war axe.
  3554 | D:5      | 3554 ||| Stepping ~*~*~tactically~*~*~ (hiding).
  3605 | D:5      | 3605 ||| Stepping ~*~*~tactically~*~*~ (hiding).
  3606 | D:5      | 3606 ||| Stepping ~*~*~tactically~*~*~ (hiding).
  3607 | D:5      | 3607 ||| Stepping ~*~*~tactically~*~*~ (hiding).
  3613 | D:5      | Reached skill level 8 in Axes
  3851 | D:5      | 3851 ||| UPGRADING to +0 chain mail.
  3861 | D:5      | 3861 ||| DROPPING +0 scale mail.
  3862 | D:5      | 3862 ||| UPGRADING to +0 pair of gloves.
  3867 | D:5      | 3867 ||| READING scroll labelled SOTHREL REIFA.
  3868 | D:5      | 3868 ||| READING 2 scrolls of identify.
  3868 | D:5      | 3868 ||| IDENTIFYING viscous golden potion
  3911 | D:6      | 3911 ||| STAIRDANCE
  3924 | D:5      | Reached skill level 6 in Fighting
  4210 | D:6      | Reached XP level 9. HP: 39/55 MP: 9/9
  4432 | D:6      | Reached skill level 9 in Axes
  4486 | D:6      | 4486 ||| SWAPPING to +0 heavy broad axe.
  4487 | D:6      | 4487 ||| DROPPING +0 broad axe.
  4649 | D:6      | 4649 ||| READING 2 scrolls labelled DOINIPROEGH.
  4650 | D:6      | 4650 ||| DRINKING 2 grey potions.
  4651 | D:6      | 4651 ||| DROPPING potion of invisibility.
  4652 | D:6      | 4652 ||| DROPPING scroll of blinking.
  4729 | D:7      | Found a staircase to the Ecumenical Temple.
  4730 | D:7      | 4730 ||| PLANNING TEMPLE
  4737 | Temple   | Entered the Ecumenical Temple
  4738 | Temple   | 4738 ||| PLANNING D:1-11
  4850 | D:7      | 4850 ||| Stepping ~*~*~tactically~*~*~ (stealth).
  5074 | D:7      | 5074 ||| READING scroll labelled NASOPUPNUM.
  5076 | D:7      | 5076 ||| Stepping ~*~*~tactically~*~*~ (hiding).
  5077 | D:7      | 5077 ||| Stepping ~*~*~tactically~*~*~ (hiding).
  5222 | D:7      | 5222 ||| Stepping ~*~*~tactically~*~*~ (hiding).
  5346 | D:7      | 5346 ||| READING scroll labelled LUCRUH YHYGO.
  5347 | D:7      | 5347 ||| READING scroll labelled GUNILI KYIZYN.
  5348 | D:7      | 5348 ||| DRINKING 2 clear potions.
  5371 | D:7      | 5371 ||| DRINKING 2 fuming orange potions.
  5371 | D:7      | Gained mutation: You have a somewhat thin skeletal
                  | structure. (Dex +2, Stealth+) [potion of mutation]
  5371 | D:7      | Gained mutation: You possess an exceptional clarity of
                  | mind. [potion of mutation]
  5372 | D:7      | 5372 ||| DRINKING 2 black potions.
  5373 | D:7      | 5373 ||| READING 4 scrolls of identify.
  5373 | D:7      | 5373 ||| IDENTIFYING viscous black potion
  5374 | D:7      | 5374 ||| READING 3 scrolls of identify.
  5374 | D:7      | 5374 ||| IDENTIFYING emerald potion
  5375 | D:7      | 5375 ||| READING 2 scrolls of identify.
  5375 | D:7      | 5375 ||| IDENTIFYING golden potion
  5376 | D:7      | 5376 ||| DRINKING potion of experience.
  5376 | D:7      | Reached skill level 13 in Axes
  5376 | D:7      | Reached XP level 10. HP: 63/63 MP: 10/10
  5377 | D:7      | 5377 ||| DROPPING potion of enlightenment.
  5378 | D:7      | 5378 ||| DROPPING potion of brilliance.
  5472 | D:8      | Found Huxon's Book Shoppe.
  5496 | D:8      | Found a staircase to the Lair.
  5631 | D:8      | 5631 ||| Stepping ~*~*~tactically~*~*~ (hiding).
  5637 | D:8      | Reached XP level 11. HP: 67/67 MP: 11/11
  5750 | D:8      | 5750 ||| READING 3 scrolls of brand weapon.
  5750 | D:8      | 5750 ||| BRANDING +0 heavy broad axe.
  5751 | D:8      | 5751 ||| READING 2 scrolls of brand weapon.
  5751 | D:8      | 5751 ||| BRANDING +0 broad axe of protection.
  5752 | D:8      | 5752 ||| READING scroll of brand weapon.
  5752 | D:8      | 5752 ||| BRANDING +0 broad axe of draining.
  5788 | D:8      | Identified the +2 ring mail of Kylazeti {rPois Dex+4 SInv}
  5789 | D:8      | 5789 ||| Stepping ~*~*~tactically~*~*~ (stealth).
  5791 | D:8      | 5791 ||| Stepping ~*~*~tactically~*~*~ (hiding).
  5802 | D:8      | Noticed a two-headed ogre
  5810 | D:8      | Killed a two-headed ogre
  5811 | D:8      | Reached skill level 3 in Throwing
  5874 | D:8      | Identified the staff of death "Foed" {rN+ Str+4}
  5902 | D:8      | 5902 ||| Stepping ~*~*~tactically~*~*~ (stealth).
  5939 | D:8      | Found Iziugycs's Specific Store.
  5942 | D:8      | Found Ziest's General Store.
  5952 | D:8      | 5952 ||| BUYING potion of lignification (33 gold).
  5952 | D:8      | Bought a potion of lignification for 33 gold pieces
  5952 | D:8      | 5952 ||| BUYING scroll of brand weapon (104 gold).
  5952 | D:8      | Bought a scroll of brand weapon for 104 gold pieces
  5952 | D:8      | 5952 ||| BUYING scroll of identify (22 gold).
  5952 | D:8      | Bought a scroll of identify for 22 gold pieces
  5952 | D:8      | 5952 ||| READING scroll of brand weapon.
  5952 | D:8      | 5952 ||| BRANDING +0 broad axe of chaos.
  5986 | D:8      | Found a bloodstained altar of Trog.
  5998 | D:8      | 5998 ||| DROPPING scarf of repulsion.
  6002 | D:8      | 6002 ||| UPGRADING to amulet of reflection.
  6010 | D:8      | 6010 ||| READING 4 scrolls of identify.
  6010 | D:8      | 6010 ||| IDENTIFYING glowing coppery potion
  6048 | D:8      | 6048 ||| Stepping ~*~*~tactically~*~*~ (stealth).
  6077 | D:8      | 6077 ||| Stepping ~*~*~tactically~*~*~ (stealth).
  6079 | D:8      | Noticed a two-headed ogre
  6080 | D:8      | 6080 ||| Stepping ~*~*~tactically~*~*~ (stealth).
  6147 | D:8      | Found a shadowy altar of Dithmenos.
  6179 | D:8      | Found Lymisufa's Magic Scroll Shop.
  6182 | D:8      | 6182 ||| BUYING scroll of enchant weapon (120 gold).
  6182 | D:8      | Bought a scroll of enchant weapon for 120 gold pieces
  6182 | D:8      | 6182 ||| BUYING scroll of identify (32 gold).
  6182 | D:8      | Bought a scroll of identify for 32 gold pieces
  6182 | D:8      | 6182 ||| SHOPLISTING scroll of teleportation (48 gold, have
                  | 17).
  6182 | D:8      | 6182 ||| READING scroll of enchant weapon.
  6182 | D:8      | 6182 ||| ENCHANTING +0 broad axe of venom.
  6193 | D:8      | Found Cacret's Antique Weapon Shoppe.
  6249 | D:8      | Found a hazy altar of Hepliaklqana.
  6442 | D:8      | Noticed a skeletal warrior
  6443 | D:8      | 6443 ||| Stepping ~*~*~tactically~*~*~ (hiding).
  6452 | D:8      | HP: 15/68 [skeletal warrior/+0 halberd (7)]
  6453 | D:8      | 6453 ||| DRINKING 3 potions of heal wounds.
  6468 | D:8      | HP: 15/68 [skeletal warrior/+0 halberd (8)]
  6469 | D:8      | 6469 ||| DRINKING 2 potions of heal wounds.
  6474 | D:8      | HP: 7/68 [skeletal warrior/+0 halberd (11)]
  6475 | D:8      | 6475 ||| DRINKING potion of heal wounds.
  6479 | D:8      | Killed a skeletal warrior
  6480 | D:8      | Reached skill level 6 in Armour
  6643 | D:8      | 6643 ||| Stepping ~*~*~tactically~*~*~ (stealth).
  6645 | D:8      | 6645 ||| Stepping ~*~*~tactically~*~*~ (hiding).
  6870 | D:8      | 6870 ||| Stepping ~*~*~tactically~*~*~ (stealth).
  6953 | D:8      | 6953 ||| READING scroll of enchant weapon.
  6953 | D:8      | 6953 ||| ENCHANTING +1 broad axe of venom.
  7085 | D:8      | Killed a two-headed ogre
  7275 | D:8      | 7275 ||| READING scroll labelled ITUBAE YGUXUIT.
  7278 | D:8      | 7278 ||| READING scroll labelled KERCHEOZYELOWK.
  7345 | D:9      | Found Tuemenyadwo's Distillery.
  7356 | D:9      | 7356 ||| SHOPLISTING 2 potions of heal wounds (170 gold,
                  | have 86).
  7356 | D:9      | 7356 ||| BUYING potion of attraction (51 gold).
  7356 | D:9      | Bought a potion of attraction for 51 gold pieces
  7356 | D:9      | 7356 ||| SHOPLISTING potion of cancellation (136 gold, have
                  | 35).
  7356 | D:9      | 7356 ||| SHOPLISTING potion of heal wounds (85 gold, have
                  | 35).
  7356 | D:9      | 7356 ||| SHOPLISTING potion of lignification (51 gold, have
                  | 35).
  7356 | D:9      | 7356 ||| SHOPLISTING potion of mutation (136 gold, have
                  | 35).
  7371 | D:9      | Reached skill level 9 in Fighting
  7466 | D:9      | Noticed a two-headed ogre
  7472 | D:9      | Killed a two-headed ogre
  7485 | D:9      | Reached skill level 6 in Shields
  7515 | D:9      | Found a staircase to the Orcish Mines.
  7515 | D:9      | Found Muckieg's Weapon Boutique.
  7516 | D:9      | 7516 ||| Stepping ~*~*~tactically~*~*~ (hiding).
  7523 | D:9      | 7523 ||| Stepping ~*~*~tactically~*~*~ (stealth).
  7526 | D:9      | 7526 ||| Stepping ~*~*~tactically~*~*~ (hiding).
  7585 | D:9      | 7585 ||| FLEEEEING.
  7655 | D:9      | Found Ciysufed's Armour Boutique.
  7663 | D:9      | 7663 ||| Stepping ~*~*~tactically~*~*~ (stealth).
  7681 | D:9      | 7681 ||| SHOPLISTING +1 pair of gloves of Hoomua Baach
                  | {rC++ Regen+ Str+8 Int-2} (605 gold, have 126).
  7765 | D:9      | Found a white marble altar of Elyvilon.
  7771 | D:9      | 7771 ||| Stepping ~*~*~tactically~*~*~ (hiding).
  7772 | D:9      | 7772 ||| Stepping ~*~*~tactically~*~*~ (hiding).
  7816 | D:9      | 7816 ||| Stepping ~*~*~tactically~*~*~ (stealth).
  7852 | D:9      | 7852 ||| Stepping ~*~*~tactically~*~*~ (hiding).
  7926 | D:9      | 7926 ||| UPGRADING to +0 plate armour.
  7936 | D:9      | 7936 ||| DROPPING +2 ring mail of Kylazeti {rPois Dex+4
                  | SInv}.
  7937 | D:9      | 7937 ||| DROPPING +0 chain mail.
  7938 | D:9      | 7938 ||| DROPPING ring of wizardry.
  7939 | D:9      | 7939 ||| READING 7 scrolls of identify.
  7939 | D:9      | 7939 ||| IDENTIFYING ruby potion
  7968 | D:10     | Entered Level 10 of the Dungeon
  7981 | D:10     | Noticed a two-headed ogre
  7986 | D:10     | Killed a two-headed ogre
  8268 | D:10     | Noticed Joseph
  8281 | D:10     | Killed Joseph
  8285 | D:10     | 8285 ||| FLEEEEING.
  8286 | D:10     | 8286 ||| FLEEEEING.
  8287 | D:10     | 8287 ||| FLEEEEING.
  8291 | D:10     | 8291 ||| FLEEEEING.
  8292 | D:10     | 8292 ||| FLEEEEING.
  8293 | D:10     | 8293 ||| FLEEEEING.
  8294 | D:10     | 8294 ||| FLEEEEING.
  8295 | D:10     | 8295 ||| FLEEEEING.
  8296 | D:10     | 8296 ||| FLEEEEING.
  8297 | D:10     | 8297 ||| FLEEEEING.
  8298 | D:10     | 8298 ||| FLEEEEING.
  8299 | D:10     | 8299 ||| FLEEEEING.
  8300 | D:10     | 8300 ||| FLEEEEING.
  8301 | D:10     | 8301 ||| FLEEEEING.
  8302 | D:10     | 8302 ||| FLEEEEING.
  8303 | D:10     | 8303 ||| FLEEEEING.
  8304 | D:10     | 8304 ||| FLEEEEING.
  8305 | D:10     | 8305 ||| FLEEEEING.
  8306 | D:10     | 8306 ||| FLEEEEING.
  8307 | D:10     | 8307 ||| FLEEEEING.
  8514 | D:10     | Noticed a +0 falchion
  8515 | D:10     | Noticed a +0 dagger
  8515 | D:10     | Noticed a +0 spear
  8518 | D:10     | Noticed a +0 dagger
  8518 | D:10     | Noticed a +0 spear
  8519 | D:10     | Noticed a +0 short sword
  8519 | D:10     | Noticed a +0 short sword
  8520 | D:10     | Noticed a +0 falchion
  8523 | D:10     | 8523 ||| READING scroll labelled BOROINOFUEJE.
  8524 | D:10     | 8524 ||| READING 6 scrolls of identify.
  8524 | D:10     | 8524 ||| IDENTIFYING glowing amethyst potion
  8525 | D:10     | 8525 ||| DROPPING potion of degeneration.
  8587 | D:10     | Reached XP level 12. HP: 72/76 MP: 12/12
  8634 | D:10     | Reached skill level 9 in Armour
  8705 | D:10     | 8705 ||| FLEEEEING.
  8706 | D:10     | 8706 ||| FLEEEEING.
  8800 | D:10     | Found an ancient bone altar of Kikubaaqudgha.
  8812 | D:10     | Found an iron altar of Okawaru.
  8813 | D:10     | 8813 ||| PLANNING OKAWARU WORSHIP
  8818 | D:10     | Became a worshipper of Warmaster Okawaru
  8818 | D:10     | 8818 ||| PLANNING D:1-11
  8880 | D:10     | 8880 ||| Stepping ~*~*~tactically~*~*~ (hiding).
  8977 | D:10     | Noticed Lodul
  8978 | D:10     | 8978 ||| Stepping ~*~*~tactically~*~*~ (stealth).
  8997 | D:10     | HP: 16/77 [ogre/+0 giant spiked club[Lodul] (16)]
  9002 | D:10     | HP: 12/77 [ogre/+0 giant spiked club[Lodul] (5)]
  9004 | D:10     | Killed Lodul
  9277 | D:10     | Found a hide-covered altar of Uskayaw.
  9341 | D:10     | 9341 ||| PLANNING LAIR
  9413 | Lair:1   | Entered Level 1 of the Lair of Beasts
  9419 | Lair:1   | 9419 ||| Stepping ~*~*~tactically~*~*~ (stealth).
  9435 | Lair:1   | Reached * piety under Okawaru
  9490 | Lair:1   | 9490 ||| INVOKING Heroism.
  9718 | Lair:1   | Reached skill level 14 in Axes
  9873 | Lair:1   | Reached skill level 1 in Invocations
  9974 | Lair:1   | 9974 ||| Stepping ~*~*~tactically~*~*~ (stealth).
  9976 | Lair:1   | 9976 ||| Stepping ~*~*~tactically~*~*~ (stealth).
  9977 | Lair:1   | 9977 ||| Stepping ~*~*~tactically~*~*~ (stealth).
 10326 | Lair:1   | 10326 ||| INVOKING Heroism.
 10391 | Lair:1   | 10391 ||| UPGRADING to ring of positive energy.
 10392 | Lair:1   | 10392 ||| READING scroll labelled DAM IWEMPI.
 10455 | Lair:2   | 10455 ||| INVOKING Heroism.
 10468 | Lair:2   | Reached skill level 3 in Invocations
 10483 | Lair:2   | Noticed a five-headed hydra
 10484 | Lair:2   | 10484 ||| INVOKING Heroism.
 10489 | Lair:2   | 10489 ||| SWAPPING to +0 war axe of flaming.
 10493 | Lair:2   | Killed a one-headed hydra
 10494 | Lair:2   | 10494 ||| SWAPPING to +2 broad axe of venom.
 10518 | Lair:2   | Noticed a seven-headed hydra
 10519 | Lair:2   | 10519 ||| INVOKING Heroism.
 10526 | Lair:2   | 10526 ||| SWAPPING to +0 war axe of flaming.
 10533 | Lair:2   | Killed a three-headed hydra
 10533 | Lair:2   | Reached ** piety under Okawaru
 10534 | Lair:2   | 10534 ||| SWAPPING to +2 broad axe of venom.
 10558 | Lair:2   | 10558 ||| INVOKING Heroism.
 10680 | Lair:2   | Found a staircase to the Swamp.
 10681 | Lair:2   | 10681 ||| Stepping ~*~*~tactically~*~*~ (hiding).
 10682 | Lair:2   | 10682 ||| INVOKING Heroism.
 10683 | Lair:2   | 10683 ||| Stepping ~*~*~tactically~*~*~ (hiding).
 10985 | Lair:2   | 10985 ||| Stepping ~*~*~tactically~*~*~ (stealth).
 10995 | Lair:2   | Reached skill level 3 in Dodging
 11129 | Lair:2   | 11129 ||| Stepping ~*~*~tactically~*~*~ (hiding).
 11136 | Lair:2   | Reached *** piety under Okawaru
 11137 | Lair:2   | Reached XP level 13. HP: 84/84 MP: 16/16
 11386 | Lair:2   | Noticed Gastronok
 11387 | Lair:2   | 11387 ||| INVOKING Heroism.
 11407 | Lair:2   | Killed Gastronok
 11692 | Lair:2   | 11692 ||| UPGRADING to +1 hat.
 11697 | Lair:2   | 11697 ||| UPGRADING to ring of protection from fire.
 11780 | Lair:3   | 11780 ||| Stepping ~*~*~tactically~*~*~ (hiding).
 11784 | Lair:3   | 11784 ||| INVOKING Heroism.
 11950 | Lair:3   | 11950 ||| Stepping ~*~*~tactically~*~*~ (stealth).
 11951 | Lair:3   | 11951 ||| Stepping ~*~*~tactically~*~*~ (stealth).
 11954 | Lair:3   | 11954 ||| Stepping ~*~*~tactically~*~*~ (stealth).
 11956 | Lair:3   | 11956 ||| Stepping ~*~*~tactically~*~*~ (stealth).
 11962 | Lair:3   | 11962 ||| INVOKING Heroism.
 12307 | Lair:3   | 12307 ||| INVOKING Heroism.
 12309 | Lair:3   | 12309 ||| SWAPPING to +0 war axe of flaming.
 12321 | Lair:3   | 12321 ||| SWAPPING to +2 broad axe of venom.
 12379 | Lair:3   | Found a staircase to the Snake Pit.
 12410 | Lair:3   | 12410 ||| INVOKING Heroism.
 12415 | Lair:3   | 12415 ||| SWAPPING to +0 war axe of flaming.
 12421 | Lair:3   | Reached skill level 15 in Axes
 12421 | Lair:3   | 12421 ||| SWAPPING to +2 broad axe of venom.
 12443 | Lair:3   | 12443 ||| INVOKING Heroism.
 12798 | Lair:3   | 12798 ||| INVOKING Heroism.
 12869 | Lair:3   | 12869 ||| READING scroll labelled VUULYT COMILE.
 12910 | Lair:4   | 12910 ||| Stepping ~*~*~tactically~*~*~ (stealth).
 12921 | Lair:4   | 12921 ||| INVOKING Heroism.
 13012 | Lair:4   | 13012 ||| INVOKING Heroism.
 13027 | Lair:4   | Reached skill level 12 in Fighting
 13027 | Lair:4   | 13027 ||| Stepping ~*~*~tactically~*~*~ (stealth).
 13043 | Lair:4   | Reached **** piety under Okawaru
 13199 | Lair:4   | 13199 ||| Stepping ~*~*~tactically~*~*~ (stealth).
 13210 | Lair:4   | 13210 ||| Stepping ~*~*~tactically~*~*~ (stealth).
 13369 | Lair:4   | You fall into a shaft and drop 1 floor!
 13369 | Lair:5   | Entered Level 5 of the Lair of Beasts
 13370 | Lair:5   | 13370 ||| INVOKING Heroism.
 13404 | Lair:5   | 13404 ||| INVOKING Heroism.
 13441 | Lair:5   | Reached skill level 6 in Invocations
 13443 | Lair:5   | 13443 ||| INVOKING Heroism.
 13480 | Lair:5   | Received a gift from Okawaru
 13538 | Lair:5   | 13538 ||| INVOKING Heroism.
 13572 | Lair:5   | 13572 ||| Stepping ~*~*~tactically~*~*~ (stealth).
 13606 | Lair:5   | Gained mutation: Your large and strong wings let you fly.
                  | [Gargoyle growth]
 13606 | Lair:5   | Reached XP level 14. HP: 91/92 MP: 17/19
 13648 | Lair:5   | 13648 ||| Stepping ~*~*~tactically~*~*~ (stealth).
 13649 | Lair:5   | 13649 ||| Stepping ~*~*~tactically~*~*~ (stealth).
 13650 | Lair:5   | 13650 ||| Stepping ~*~*~tactically~*~*~ (stealth).
 13651 | Lair:5   | 13651 ||| Stepping ~*~*~tactically~*~*~ (stealth).
 13788 | Lair:5   | Reached ***** piety under Okawaru
 13840 | Lair:5   | 13840 ||| Stepping ~*~*~tactically~*~*~ (stealth).
 13950 | Lair:5   | 13950 ||| UPGRADING to +0 helmet.
 13960 | Lair:5   | 13960 ||| DROPPING +1 hat.
 13961 | Lair:5   | 13961 ||| UPGRADING to +5 ring of evasion.
 13963 | Lair:5   | 13963 ||| UPGRADING to ring of see invisible.
 14042 | Lair:4   | 14042 ||| Stepping ~*~*~tactically~*~*~ (stealth).
 14044 | Lair:4   | 14044 ||| Stepping ~*~*~tactically~*~*~ (stealth).
 14045 | Lair:4   | 14045 ||| Stepping ~*~*~tactically~*~*~ (stealth).
 14172 | Lair:4   | 14172 ||| Stepping ~*~*~tactically~*~*~ (stealth).
 14174 | Lair:4   | 14174 ||| Stepping ~*~*~tactically~*~*~ (stealth).
 14188 | Lair:4   | Received a gift from Okawaru
 14250 | Lair:4   | 14250 ||| Stepping ~*~*~tactically~*~*~ (stealth).
 14252 | Lair:4   | 14252 ||| Stepping ~*~*~tactically~*~*~ (hiding).
 14535 | Lair:5   | 14535 ||| FLEEEEING.
 14536 | Lair:5   | 14536 ||| STAIRDANCE
 14640 | Lair:5   | Received a gift from Okawaru
 14647 | Lair:5   | 14647 ||| INVOKING Heroism.
 14648 | Lair:5   | 14648 ||| INVOKING Finesse.
 14728 | Lair:5   | 14728 ||| Stepping ~*~*~tactically~*~*~ (stealth).
 14856 | Lair:5   | 14856 ||| Stepping ~*~*~tactically~*~*~ (stealth).
 14857 | Lair:5   | 14857 ||| Stepping ~*~*~tactically~*~*~ (stealth).
 14859 | Lair:5   | 14859 ||| INVOKING Heroism.
 14860 | Lair:5   | 14860 ||| Stepping ~*~*~tactically~*~*~ (stealth).
 14862 | Lair:5   | 14862 ||| INVOKING Finesse.
 14879 | Lair:5   | Reached skill level 9 in Invocations
 14894 | Lair:5   | Received a gift from Okawaru
 14923 | Lair:5   | 14923 ||| INVOKING Finesse.
 14942 | Lair:5   | Reached skill level 16 in Axes
 15187 | Lair:5   | Found a staircase to the Slime Pits.
 15275 | Lair:5   | 15275 ||| INVOKING Heroism.
 15277 | Lair:5   | Identified the +0 helmet "Zeir" {Int+4} (Okawaru gifted it
                  | to you on level 5 of the Lair of Beasts)
 15277 | Lair:5   | Received a gift from Okawaru
 15635 | Lair:5   | 15635 ||| PLANNING D:1-11
 15635 | Lair:5   | 15635 ||| DROPPING +0 helmet "Zeir" {Int+4}.
 15636 | Lair:5   | 15636 ||| DROPPING ring of positive energy.
 15962 | D:11     | Noticed qw's ghost (journeyman GrHu)
 16044 | D:11     | 16044 ||| Stepping ~*~*~tactically~*~*~ (stealth).
 16087 | D:11     | Found a transporter.
 16088 | D:11     | 16088 ||| Stepping ~*~*~tactically~*~*~ (stealth).
 16090 | D:11     | 16090 ||| Stepping ~*~*~tactically~*~*~ (stealth).
 16092 | D:11     | 16092 ||| Stepping ~*~*~tactically~*~*~ (stealth).
 16190 | D:11     | Found a transporter.
 16258 | D:11     | Noticed Josephine
 16276 | D:11     | Killed Josephine
 16600 | D:11     | 16600 ||| PLANNING D
 16629 | D:12     | Noticed Snorg
 16630 | D:12     | 16630 ||| INVOKING Heroism.
 16631 | D:12     | 16631 ||| INVOKING Finesse.
 16644 | D:12     | Killed Snorg
 16704 | D:12     | Reached skill level 6 in Throwing
 16718 | D:12     | 16718 ||| Stepping ~*~*~tactically~*~*~ (hiding).
 16731 | D:12     | Reached XP level 15. HP: 96/96 MP: 22/22
 16734 | D:12     | 16734 ||| Stepping ~*~*~tactically~*~*~ (stealth).
 16736 | D:12     | 16736 ||| Stepping ~*~*~tactically~*~*~ (hiding).
 16739 | D:12     | 16739 ||| Stepping ~*~*~tactically~*~*~ (hiding).
 16740 | D:12     | 16740 ||| Stepping ~*~*~tactically~*~*~ (hiding).
 16743 | D:12     | 16743 ||| Stepping ~*~*~tactically~*~*~ (hiding).
 16918 | D:12     | Reached skill level 12 in Armour
 17013 | D:12     | 17013 ||| Stepping ~*~*~tactically~*~*~ (stealth).
 17076 | D:12     | 17076 ||| READING 3 scrolls of enchant armour.
 17076 | D:12     | 17076 ||| ENCHANTING +0 pair of gloves.
 17077 | D:12     | 17077 ||| READING 2 scrolls of enchant armour.
 17077 | D:12     | 17077 ||| ENCHANTING +1 pair of gloves.
 17078 | D:12     | 17078 ||| READING scroll of enchant armour.
 17078 | D:12     | 17078 ||| ENCHANTING +0 helmet.
 17193 | D:12     | 17193 ||| INVOKING Heroism.
 17318 | D:12     | Identified the ring "Piesch" {rElec rPois rC+ Stlth+}
 17431 | D:12     | 17431 ||| UPGRADING to +0 pair of boots.
 17498 | D:13     | 17498 ||| INVOKING Heroism.
 17523 | D:13     | 17523 ||| READING scroll of enchant weapon.
 17523 | D:13     | 17523 ||| ENCHANTING +2 broad axe of venom.
 17584 | D:13     | Found Ficlisuh's Evil Emporium.
 17632 | D:13     | 17632 ||| INVOKING Heroism.
 17749 | D:13     | Identified the +4 ring mail of the Trees {Rampage rPois
                  | Will+ Regen+}
 17754 | D:13     | 17754 ||| Stepping ~*~*~tactically~*~*~ (hiding).
 17788 | D:13     | 17788 ||| Stepping ~*~*~tactically~*~*~ (hiding).
 17790 | D:13     | 17790 ||| Stepping ~*~*~tactically~*~*~ (hiding).
 17990 | D:13     | 17990 ||| Stepping ~*~*~tactically~*~*~ (hiding).
 17995 | D:13     | 17995 ||| INVOKING Heroism.
 18044 | D:13     | 18044 ||| INVOKING Heroism.
 18061 | D:13     | 18061 ||| Stepping ~*~*~tactically~*~*~ (hiding).
 18063 | D:13     | 18063 ||| Stepping ~*~*~tactically~*~*~ (hiding).
 18081 | D:13     | Received a gift from Okawaru
 18095 | D:13     | Received a gift from Okawaru
 18137 | D:13     | 18137 ||| Stepping ~*~*~tactically~*~*~ (hiding).
 18450 | D:14     | 18450 ||| INVOKING Heroism.
 18456 | D:14     | 18456 ||| READING 2 scrolls of teleportation.
 18502 | D:14     | 18502 ||| READING scroll of enchant weapon.
 18502 | D:14     | 18502 ||| ENCHANTING +3 broad axe of venom.
 18518 | D:14     | 18518 ||| INVOKING Heroism.
 18524 | D:14     | 18524 ||| SWAPPING to +0 war axe of flaming.
 18533 | D:14     | 18533 ||| SWAPPING to +4 broad axe of venom.
 18537 | D:14     | Reached skill level 17 in Axes
 18579 | D:14     | 18579 ||| Stepping ~*~*~tactically~*~*~ (hiding).
 18581 | D:14     | 18581 ||| Stepping ~*~*~tactically~*~*~ (hiding).
 18666 | D:14     | 18666 ||| INVOKING Heroism.
 18815 | D:14     | 18815 ||| Stepping ~*~*~tactically~*~*~ (hiding).
 18836 | D:14     | Found a hazy altar of Hepliaklqana.
 18889 | D:14     | 18889 ||| INVOKING Heroism.
 18890 | D:14     | 18890 ||| SWAPPING to +0 war axe of flaming.
 18895 | D:14     | 18895 ||| SWAPPING to +4 broad axe of venom.
 19248 | D:14     | 19248 ||| Stepping ~*~*~tactically~*~*~ (stealth).
 19257 | D:14     | Received a gift from Okawaru
 19280 | D:14     | 19280 ||| INVOKING Heroism.
 19389 | D:14     | Found a gate to the Vaults.
 19454 | D:14     | 19454 ||| UPGRADING to +0 kite shield.
 19464 | D:14     | 19464 ||| DROPPING +0 buckler.
 19465 | D:14     | 19465 ||| UPGRADING to amulet of faith.
 19532 | D:15     | Entered Level 15 of the Dungeon
 19554 | D:15     | 19554 ||| Stepping ~*~*~tactically~*~*~ (hiding).
 19561 | D:15     | 19561 ||| INVOKING Heroism.
 19588 | D:15     | Reached skill level 9 in Shields
 19812 | D:15     | 19812 ||| INVOKING Heroism.
 19835 | D:15     | 19835 ||| Stepping ~*~*~tactically~*~*~ (stealth).
 19837 | D:15     | 19837 ||| Stepping ~*~*~tactically~*~*~ (hiding).
 19838 | D:15     | 19838 ||| Stepping ~*~*~tactically~*~*~ (hiding).
 19892 | D:15     | 19892 ||| INVOKING Heroism.
 19912 | D:15     | Reached XP level 16. HP: 104/104 MP: 23/23
 19939 | D:15     | 19939 ||| Stepping ~*~*~tactically~*~*~ (stealth).
 19941 | D:15     | 19941 ||| Stepping ~*~*~tactically~*~*~ (hiding).
 19971 | D:15     | 19971 ||| Stepping ~*~*~tactically~*~*~ (stealth).
 19972 | D:15     | 19972 ||| Stepping ~*~*~tactically~*~*~ (stealth).
 19974 | D:15     | 19974 ||| Stepping ~*~*~tactically~*~*~ (hiding).
 19981 | D:15     | 19981 ||| Stepping ~*~*~tactically~*~*~ (hiding).
 19987 | D:15     | 19987 ||| INVOKING Heroism.
 19988 | D:15     | 19988 ||| INVOKING Finesse.
 19993 | D:15     | 19993 ||| SWAPPING to +0 war axe of flaming.
 20000 | D:15     | 20000 ||| SWAPPING to +4 broad axe of venom.
 20161 | D:15     | 20161 ||| Stepping ~*~*~tactically~*~*~ (stealth).
 20255 | D:15     | 20255 ||| INVOKING Heroism.
 20360 | D:15     | Found a staircase to the Depths.
 20553 | D:15     | 20553 ||| Stepping ~*~*~tactically~*~*~ (stealth).
 20554 | D:15     | 20554 ||| Stepping ~*~*~tactically~*~*~ (stealth).
 20555 | D:15     | 20555 ||| Stepping ~*~*~tactically~*~*~ (stealth).
 20667 | D:15     | 20667 ||| INVOKING Heroism.
 20796 | D:15     | 20796 ||| PLANNING ORC
 20935 | Orc:1    | Entered Level 1 of the Orcish Mines
 21088 | Orc:2    | Entered Level 2 of the Orcish Mines
 21271 | Orc:1    | Noticed Sonja
 21278 | Orc:1    | Killed Sonja
 21426 | Orc:1    | 21426 ||| Stepping ~*~*~tactically~*~*~ (stealth).
 21517 | Orc:2    | Found a staircase to the Elven Halls.
 21518 | Orc:2    | 21518 ||| Stepping ~*~*~tactically~*~*~ (hiding).
 21686 | Orc:2    | 21686 ||| Stepping ~*~*~tactically~*~*~ (stealth).
 21689 | Orc:2    | 21689 ||| Stepping ~*~*~tactically~*~*~ (hiding).
 21694 | Orc:2    | Reached skill level 12 in Shields
 21703 | Orc:2    | 21703 ||| Stepping ~*~*~tactically~*~*~ (stealth).
 21706 | Orc:2    | 21706 ||| INVOKING Heroism.
 21740 | Orc:2    | 21740 ||| INVOKING Heroism.
 21746 | Orc:2    | HP: 23/104 [orc warrior/+0 halberd (11)]
 21747 | Orc:2    | 21747 ||| READING scroll of teleportation.
 21748 | Orc:2    | 21748 ||| DRINKING 2 potions of heal wounds.
 21751 | Orc:2    | 21751 ||| FLEEEEING.
 21752 | Orc:2    | 21752 ||| FLEEEEING.
 21753 | Orc:2    | 21753 ||| FLEEEEING.
 21754 | Orc:2    | 21754 ||| FLEEEEING.
 21755 | Orc:2    | 21755 ||| FLEEEEING.
 21758 | Orc:2    | 21758 ||| FLEEEEING.
 21759 | Orc:2    | 21759 ||| STAIRDANCE
 22051 | Orc:2    | 22051 ||| Stepping ~*~*~tactically~*~*~ (stealth).
 22052 | Orc:2    | 22052 ||| Stepping ~*~*~tactically~*~*~ (stealth).
 22061 | Orc:2    | 22061 ||| INVOKING Heroism.
 22163 | Orc:2    | 22163 ||| FLEEEEING.
 22164 | Orc:2    | 22164 ||| FLEEEEING.
 22165 | Orc:2    | 22165 ||| FLEEEEING.
 22166 | Orc:2    | 22166 ||| FLEEEEING.
 22167 | Orc:2    | 22167 ||| FLEEEEING.
 22168 | Orc:2    | 22168 ||| FLEEEEING.
 22393 | Orc:2    | 22393 ||| Stepping ~*~*~tactically~*~*~ (stealth).
 22401 | Orc:2    | 22401 ||| Stepping ~*~*~tactically~*~*~ (hiding).
 22403 | Orc:2    | 22403 ||| INVOKING Heroism.
 22454 | Orc:2    | 22454 ||| INVOKING Finesse.
 22463 | Orc:2    | HP: 19/104 [orc priest/divine providence (13)]
 22464 | Orc:2    | 22464 ||| DRINKING potion of heal wounds.
 22465 | Orc:2    | 22465 ||| INVOKING Heroism.
 22480 | Orc:2    | HP: 25/104 [barbs]
 22490 | Orc:2    | HP: 9/104 [orc warrior/+0 glaive (11)]
 22492 | Orc:2    | HP: 3/104 [barbs]
 22496 | Orc:2    | Received a gift from Okawaru
 22784 | Orc:2    | Found Ylapruam's Antique Weapon Shop.
 22784 | Orc:2    | Found Jowk's Jewellery Shop.
 22785 | Orc:2    | Found Eguez's Magic Scroll Shop.
 22785 | Orc:2    | Found Ollol's Antique Armour Boutique.
 22793 | Orc:2    | 22793 ||| BUYING +6 ring of strength (468 gold).
 22793 | Orc:2    | Bought a +6 ring of strength for 468 gold pieces
 22793 | Orc:2    | 22793 ||| BUYING ring "Ticwur" {rF+ Str+2 Slay+3 Stlth-}
                  | (616 gold).
 22793 | Orc:2    | Bought the ring "Ticwur" {rF+ Str+2 Slay+3 Stlth-} for 616
                  | gold pieces
 22794 | Orc:2    | 22794 ||| SHOPLISTING +0 mask of the Dragon {Will+ Slay+3
                  | SInv} (1169 gold, have 1067).
 22794 | Orc:2    | 22794 ||| BUYING pair of runed boots (262 gold).
 22794 | Orc:2    | Bought a pair of runed boots for 262 gold pieces
 22796 | Orc:2    | 22796 ||| BUYING 3 scrolls of brand weapon (399 gold).
 22796 | Orc:2    | Bought 3 scrolls of brand weapon for 399 gold pieces
 22796 | Orc:2    | 22796 ||| READING 3 scrolls of brand weapon.
 22796 | Orc:2    | 22796 ||| BRANDING +4 broad axe of venom.
 22797 | Orc:2    | 22797 ||| READING 2 scrolls of brand weapon.
 22797 | Orc:2    | 22797 ||| BRANDING +4 broad axe of freezing.
 22798 | Orc:2    | 22798 ||| READING scroll of brand weapon.
 22798 | Orc:2    | 22798 ||| BRANDING +4 broad axe of protection.
 22823 | Orc:2    | 22823 ||| PLANNING SWAMP:1-3
 22823 | Orc:2    | 22823 ||| UPGRADING to +2 chain mail of cold resistance.
 22833 | Orc:2    | 22833 ||| DROPPING +1 chain mail of cold resistance.
 22834 | Orc:2    | 22834 ||| DROPPING +0 pair of boots of stealth.
 22835 | Orc:2    | 22835 ||| UPGRADING to +6 ring of strength.
 22837 | Orc:2    | 22837 ||| UPGRADING to ring "Ticwur" {rF+ Str+2 Slay+3
                  | Stlth-}.
 22839 | Orc:2    | 22839 ||| DROPPING ring of see invisible.
 22840 | Orc:2    | 22840 ||| DROPPING +4 ring of protection.
 22841 | Orc:2    | 22841 ||| UPGRADING to +5 ring of evasion.
 22843 | Orc:2    | 22843 ||| DROPPING +6 ring of strength.
 22976 | Swamp:1  | Entered Level 1 of the Swamp
 22976 | Swamp:1  | Noticed Kirke
 22977 | Swamp:1  | 22977 ||| INVOKING Heroism.
 22993 | Swamp:1  | Killed Kirke
 23078 | Swamp:1  | Noticed Nikola
 23079 | Swamp:1  | 23079 ||| Stepping ~*~*~tactically~*~*~ (hiding).
 23083 | Swamp:1  | 23083 ||| INVOKING Heroism.
 23093 | Swamp:1  | 23093 ||| Stepping ~*~*~tactically~*~*~ (hiding).
 23097 | Swamp:1  | 23097 ||| Stepping ~*~*~tactically~*~*~ (hiding).
 23102 | Swamp:1  | Noticed Jorgrun
 23115 | Swamp:1  | Killed Jorgrun
 23127 | Swamp:1  | HP: 24/104 [Nikola/arc of chain lightning (54)]
 23129 | Swamp:1  | Killed Nikola
 23129 | Swamp:1  | Received a gift from Okawaru
 23132 | Swamp:1  | 23132 ||| FLEEEEING.
 23133 | Swamp:1  | 23133 ||| FLEEEEING.
 23134 | Swamp:1  | 23134 ||| FLEEEEING.
 23135 | Swamp:1  | 23135 ||| FLEEEEING.
 23136 | Swamp:1  | 23136 ||| FLEEEEING.
 23137 | Swamp:1  | 23137 ||| FLEEEEING.
 23138 | Swamp:1  | 23138 ||| Stepping ~*~*~tactically~*~*~ (hiding).
 23139 | Swamp:1  | 23139 ||| SWAPPING to +0 war axe of flaming.
 23139 | Swamp:1  | HP: 18/104 [eight-headed hydra (10)]
 23145 | Swamp:1  | HP: 9/104 [four-headed hydra (1)]
 23147 | Swamp:1  | 23147 ||| SWAPPING to +4 vampiric broad axe.
 23148 | Swamp:1  | 23148 ||| SWAPPING to +0 war axe of flaming.
 23149 | Swamp:1  | HP: 3/104 [six-headed hydra (7)]
 23151 | Swamp:1  | Killed from afar by an eleionoma

Levels and vault maps discovered:
D:1:      spicycebolla_green_bress_n_ham_2, layout_basic
D:2:      layout_loops_ring, st_stairs_9, corexii_corridor_pit, minmay_3d_cube
D:3:      layout_basic
D:4:      nicolae_cairo_tiling_very_big, layout_basic,
          lightli_sewer_entry_pipes, nicolae_stop_n_shop_2, st_stairs_10
D:5:      layout_cave_pools
D:6:      layout_basic
D:7:      layout_gridville, minmay_temple_entry_drinking_statues,
          minmay_a_box_with_orc_wizards_in_it
D:8:      minmay_imperfect_grid, layout_loops_ring,
          nicolae_dithmenos_through_a_glass_darkly,
          mainiacjoe_overflow_catwalk_spiral, serial_shops, shop, shop_statue,
          nicolae_inconvenience_store, minivault_23, grunt_ministairs_3,
          nicolae_specific_store, minmay_misc_feat_rows
D:9:      layout_roguey, mainiacjoe_overflow_cross_hatched, orc_david_3,
          serial_shops, shop
D:10:     layout_basic, nicolae_overflow_squiral, nicolae_uskayaw_en_pointe,
          enter_bailey_3, uniq_lodul, uniq_joseph
D:11:     layout_irregular_city, gammafunk_ghost_berserking_beasts,
          uniq_josephine
D:12:     layout_basic, uniq_snorg
D:13:     layout_roguey, serial_demonic, serial_demonic_d, serial_demonic_g,
          serial_demonic_a, serial_demonic_a, serial_demonic_b,
          serial_demonic_c, serial_demonic_c, serial_demonic_d,
          chequers_serial_rivers_room_a, minmay_holes, nicolae_evil_shop
D:14:     layout_roguey, ximxim_vaults_locker_room, minmay_misc_feat_square,
          worldfamousw_hep_ancestral_shrine
D:15:     hangedman_depths_entry_civil_slaughter, layout_loops_ring,
          serial_undead, serial_undead_d, serial_undead_c, serial_undead_b,
          serial_undead_f, minmay_misc_feat_rugged
Temple:   nicolae_temple_no_exploring_needed
Lair:1:   layout_cave_pods, grunt_megastairs_1, infiniplex_staircase_pool_2
Lair:2:   layout_chaotic_city, skrybe_swamp_entry_bodies, uniq_gastronok
Lair:3:   layout_loops_ring, dummy_snake_entry, st_stairs_5
Lair:4:   layout_gridlike
Lair:5:   minmay_lair_end_frog_pond, layout_regular_city,
          minmay_slime_entry_jelly_boxes
Swamp:1:  layout_basic_swamp, nicolae_swamp_triple_paths, swamp_pool5,
          nicolae_swamp_rocky_clearing, uniq_nikola, uniq_jorgrun, uniq_kirke
Orc:1:    layout_caves, uniq_sonja
Orc:2:    st_orc_pillars, layout_diamond_mine, statue_in_the_mist_lemuel

Skill      XL: |  1  2  3  4  5  6  7  8  9 10 11 12 13 14 15 16 |
---------------+-------------------------------------------------+-----
Axes           | 2 3 4 5 7 8 13 14 15 16 17 | 17.2
Throwing       | 1 2 3 6 |  6.5
Fighting       | 4 5 6 7 9 11 12 13 | 13.0
Dodging        | 1 2 3 4 |  4.0
Armour         | 4 5 8 10 11 12 | 12.8
Shields        | 4 6 7 8 10 13 | 13.0
Invocations    | 4 6 10 | 10.0

Action                     |  1- 3 |  4- 6 |  7- 9 | 10-12 | 13-15 | 16-18 || total
---------------------------+-------+-------+-------+-------+-------+-------++-------
  Melee: War axe           |    93 |   109 |    90 |    11 |    28 |    16 ||   347
         Broad axe         |       |       |   165 |   441 |  1003 |   324 ||  1933
         Unarmed           |       |       |       |       |       |     6 ||     6
  Throw: Boomerang         |       |    11 |       |    13 |    65 |    14 ||   103
         Javelin           |       |    17 |    50 |     8 |   107 |    25 ||   207
 Invoke: Heroism           |       |       |       |     7 |    30 |    10 ||    47
         Finesse           |       |       |       |       |     4 |     2 ||     6
    Use: Scroll            |     5 |     2 |    10 |    13 |     7 |     4 ||    41
         Potion            |       |     1 |     5 |     3 |       |     2 ||    11
   Stab: Invisible         |     1 |     1 |    12 |     9 |    31 |    18 ||    72
         Distracted        |       |       |       |       |     1 |       ||     1
 Armour: Scale mail        |    57 |    67 |    83 |       |       |       ||   207
         Chain mail        |       |       |    82 |    52 |       |    19 ||   153
         Plate armour      |       |       |       |    92 |   305 |    64 ||   461
  Dodge: Dodged            |    64 |    83 |   219 |   170 |   475 |   201 ||  1212
  Block: Buckler           |    21 |    18 |    58 |   185 |   385 |       ||   667
         Reflection        |       |       |       |     3 |     8 |       ||    11
         Kite shield       |       |       |       |       |    23 |   172 ||   195

Table legend:
 A = Non-vault XP
 B = Vault XP
 C = Vault XP percentage of total XP
 D = Non-vault monster count
 E = Vault monster count
 F = Vault count percentage of total count
                 A         B        C        D         E       F
            +---------+---------+-------+---------+---------+-------
      Total |  100005 |   58589 |  36.9 |     465 |     256 |  35.5
            +---------+---------+-------+---------+---------+-------
        D:1 |      38 |       0 |   0.0 |      23 |       0 |   0.0
        D:2 |     149 |      12 |   7.5 |      19 |       6 |  24.0
        D:3 |     174 |       0 |   0.0 |      15 |       0 |   0.0
        D:4 |     528 |     244 |  31.6 |      35 |      19 |  35.2
        D:5 |     917 |       0 |   0.0 |      16 |       0 |   0.0
        D:6 |     558 |       0 |   0.0 |      16 |       0 |   0.0
        D:7 |    1355 |     106 |   7.3 |      22 |       3 |  12.0
        D:8 |    1518 |    4257 |  73.7 |       8 |      32 |  80.0
        D:9 |    1709 |     148 |   8.0 |      14 |       7 |  33.3
       D:10 |    3438 |    1969 |  36.4 |      14 |      12 |  46.2
       D:11 |    4110 |    1725 |  29.6 |      21 |       5 |  19.2
       D:12 |    8823 |     945 |   9.7 |      23 |       1 |   4.2
       D:13 |    4188 |    6667 |  61.4 |      10 |      16 |  61.5
       D:14 |   10349 |    3517 |  25.4 |      26 |      11 |  29.7
       D:15 |   13224 |    6495 |  32.9 |      26 |      11 |  29.7
     Lair:1 |    2871 |     523 |  15.4 |      15 |       2 |  11.8
     Lair:2 |    7167 |    2132 |  22.9 |      28 |       2 |   6.7
     Lair:3 |    5842 |     838 |  12.5 |      18 |       3 |  14.3
     Lair:4 |    9583 |       0 |   0.0 |      34 |       0 |   0.0
     Lair:5 |   16171 |   11371 |  41.3 |      42 |      50 |  54.3
    Swamp:1 |    3230 |    5411 |  62.6 |       8 |       7 |  46.7
      Orc:1 |    1524 |     776 |  33.7 |       7 |       1 |  12.5
      Orc:2 |    2539 |   11453 |  81.9 |      25 |      68 |  73.1
            +---------+---------+-------+---------+---------+-------
